[Event "*** Titled Tuesday Blitz"]
[Site "Chess.com"]
[Date "2021.04.06"]
[Round "1"]
[White "Redbandit87"]
[Black "anon6121824"]
[Result "0-1"]
[WhiteElo "2420"]
[BlackElo "2786"]
[TimeControl "180+1"]
[EndTime "10:06:48 PDT"]
[Termination "anon6121824 won by resignation"]

1. d4 Nf6 2. Bf4 b6 3. e3 Bb7 4. Nf3 e6 5. h3 Be7 6. Bd3 O-O 7. O-O d5 8. Nbd2 Nbd7 9. Ne5 Nxe5 10. Bxe5 Nd7 11. Bg3 f5 12. c4 c6 13. Rc1 g6 14.
a3 Rc8 15. Qe2 Qe8 16. Rc2 Qf7 17. Rfc1 g5 18. cxd5 exd5 19. f4 Rce8 20. Nf3 h6 21. Ne5 Nxe5 22. dxe5 Qe6 23. Kh2 Kh7 24. b4 Rf7 25.
Bf2 Kh8 26. Rc3 Rg8 27. Qh5 c5 28. bxc5 Bxc5 29. g3 gxf4 30. Rxc5 fxg3+ 31. Bxg3 bxc5 32. Bf4 d4 33. Rxc5 Rg2+ 34. Kh1 Rfg7 35. Rc8+ Qxc8 36. Qxh6+ Kg8 0-1

[Event "*** Titled Tuesday Blitz"]
[Site "Chess.com"]
[Date "2021.04.06"]
[Round "1"]
[White "ajdemipopushi"]
[Black "dretch"]
[Result "0-1"]
[WhiteElo "2429"]
[BlackElo "2811"]
[TimeControl "180+1"]
[EndTime "10:06:49 PDT"]
[Termination "dretch won on time"]

1. Nf3 d5 2. g3 Bg4 3. Bg2 Nd7 4. d4 e6 5. O-O Bd6 6. c4 c6 7. b3 Ngf6 8. Nc3 O-O 9. Bb2 Qe7 10. Re1 dxc4 11.
bxc4 e5 12. h3 exd4 13. Nxd4 Be6 14. Nxe6 Qxe6 15. e3 Nb6 16. Ne2 Nxc4 17. Bc3 Ne4 18. Qc2 Nxc3 19. Nxc3 Rfd8 20. Rad1 Bb4 21. Qb3 a5 22.
Rxd8+ Rxd8 23. Rd1 Rxd1+ 24. Nxd1 Nd6 25. Qc2 Qc4 0-1

[Event "*** Titled Tuesday Blitz"]
[Site "Chess.com"]
[Date "2021.04.06"]
[Round "1"]
[White "HemantSharma"]
[Black "dhaessel"]
[Result "1-0"]
[WhiteElo "2503"]
[BlackElo "2063"]
[TimeControl "180+1"]
[EndTime "10:06:49 PDT"]
[Termination "HemantSharma won on time"]

1. e4 e5 2. Nf3 Nc6 3. Bb5 Nf6 4. O-O Nxe4 5. Re1 Nd6 6. Bxc6 dxc6 7. Nxe5 Be7 8. Qe2 Nf5 9. c3 O-O 10. d4 Be6 11. Nd2 c5 12. dxc5 Bxc5 13. Ne4 Bb6 14. Bg5 Qd5 15. Nf6+ gxf6 16. Bxf6 Rfe8 17. Qg4+ Kf8 18. Qh5 Qd2 19. Qxh7 Qxf2+ 20. Kh1 Ng3+ 21. hxg3 Qxf6 22. Rad1 Qg7 23. Qh5 Kg8 24. Re4 Qh7 25. Qxh7+ Kxh7 26. Rf1 Re7 27. Rh4+ Kg7 28. Kh2 Rh8 29. Nf3 Rxh4+ 30. gxh4 Bxa2 31. Ng5 Bc4 32. Rf4 1-0

[Event "*** Titled Tuesday Blitz"]
[Site "Chess.com"]
[Date "2021.04.06"]
[Round "1"]
[White "Galileo22"]
[Black "GigaQuparadze"]
[Result "0-1"]
[WhiteElo "2443"]
[BlackElo "2860"]
[TimeControl "180+1"]
[EndTime "10:06:51 PDT"]
[Termination "GigaQuparadze won by resignation"]

1. d4 Nf6 2. Bg5 e6 3. Nd2 c5 4. e3 d5 5. Ngf3 Nbd7 6. c3 Bd6 7. Bd3 h6 8. Bh4 Qc7 9. O-O b6 10. Rc1 Bb7 11. c4 O-O 12. b4 dxc4 13. Nxc4 cxb4 14. Na5 Qb8 15. Nxb7 Qxb7 16. Qe2 a5 17. e4 Bf4 18. Rcd1 Bb8 19. Rfe1 Nh5 20. Bb5 Nf4 21. Qd2 Ng6 22. Bg3 Bxg3 23. hxg3 Rac8 24. e5 Rc3 25.
Re3 Rfc8 26. Rde1 Ndf8 27. Bd3 Ne7 28. Re4 Qd5 29. Rg4 Rxd3 30. Qxd3 Qxa2 31. Qe3 Nf5 32. Qf4 Ng6 33. Qe4 Qd5 34. Qxd5 exd5 35. Nh4 Ngxh4 36.
gxh4 b3 37. Rf4 g6 38. g4 Nxh4 39. Rf6 b5 40. Rb6 b4 41. Re3 b2 42. Rb3 Rc1+ 43.
Kh2 b1=Q 44. Rxb1 Rxb1 45. Rb8+ Kg7 46. Ra8 Nf3+ 47. Kg3 Nxd4 48. Rxa5 Rg1+ 49. Kf4 Ne6+ 50. Ke3 d4+ 51. Ke4 Rxg4+ 52. Kd5 d3 0-1

[Event "*** Titled Tuesday Blitz"]
[Site "Chess.com"]
[Date "2021.04.06"]
[Round "1"]
[White "zmeeed67"]
[Black "Margency"]
[Result "1-0"]
[WhiteElo "2416"]
[BlackElo "2711"]
[TimeControl "180+1"]
[EndTime "10:06:51 PDT"]
[Termination "zmeeed67 won by checkmate"]

1. d4 Nf6 2. c4 g6 3. Nc3 d5 4. Bf4 Bg7 5. e3 O-O 6. cxd5 Nxd5 7. Nxd5 Qxd5 8. Bxc7 Na6 9. Bxa6 Qxg2 10. Qf3 Qxf3 11. Nxf3 bxa6 12. Rc1 f6 13. Rg1 Rf7 14. Kd2 Bb7 15.
Ne1 e5 16. Nd3 exd4 17. exd4 Rd7 18. Ba5 Rxd4 19. Rc7 Be4 20. Ke3 Ra4 21. Bc3 Re8 22. Nc5 Bh6+ 23. Ke2 Bc2+ 24. Kf1 Rxa2 25. Bxf6 Bf5 26.
Rg3 Bf8 27. Nb7 Ra1+ 28. Kg2 Be4+ 29. f3 Bd5 30. Nc5 Bd6 31. Rg7+ Kh8 32. R7xg6# 1-0

[Event "*** Titled Tuesday Blitz"]
[Site "Chess.com"]
[Date "2021.04.06"]
[Round "1"]
[White "Vesper2018"]
[Black "parintele_chess"]
[Result "1-0"]
[WhiteElo "2562"]
[BlackElo "2242"]
[TimeControl "180+1"]
[EndTime "10:06:51 PDT"]
[Termination "Vesper2018 won by checkmate"]

1. e4 c5 2. Nc3 Nc6 3. Bb5 e6 4. Bxc6 bxc6 5. d3 d6 6. f4 g6 7.
Nf3 Bg7 8. O-O Ne7 9. Rb1 O-O 10. Be3 f5 11. e5 Nd5 12. Nxd5 exd5 13. exd6 Qxd6 14. Ne5 Re8 15. Qd2 d4 16. Bf2 Bxe5 17.
fxe5 Qe6 18. Bh4 Ba6 19. Bf6 c4 20. Qh6 Qf7 21. Rf3 Re6 22. h4 Rxf6 23. exf6 Qxf6 24. Re1 c5 25. h5 Bb7 26. Rf4 Rf8 27. hxg6 hxg6 28.
Rh4 Qc6 29. Qh7# 1-0

[Event "*** Titled Tuesday Blitz"]
[Site "Chess.com"]
[Date "2021.04.06"]
[Round "1"]
[White "Zhigalko_Sergei"]
[Black "Alohamora11"]
[Result "1-0"]
[WhiteElo "2925"]
[BlackElo "2462"]
[TimeControl "180+1"]
[EndTime "10:06:52 PDT"]
[Termination "Zhigalko_Sergei won by checkmate"]

1. e4 c5 2. Nf3 g6 3. c3 Bg7 4. d4 cxd4 5. cxd4 d5 6. e5 Bg4 7. Bb5+ Nd7 8. Nbd2 e6 9. O-O Ne7 10. h3 Bxf3 11. Nxf3 a6 12. Bd3 Nc6 13. Be3 O-O 14. Rc1 Qb6 15. Qd2 f6 16. exf6 Bxf6 17.
Ne5 Rad8 18. Nxc6 bxc6 19. Be2 Rc8 20. Rfe1 Qb7 21. b3 e5 22. dxe5 Nxe5 23. Qa5 Ra8 24. Qa4 Rfc8 25. f4 Nf7 26. Bg4 Rc7 27. Be6 Kg7 28. f5 g5 29. h4 h6 30. Qg4 Rh8 31. Qh5 Ne5 32. Bc5 gxh4 33. Rxe5 Bxe5 34. Qg6# 1-0

[Event "*** Titled Tuesday Blitz"]
[Site "Chess.com"]
[Date "2021.04.06"]
[Round "1"]
[White "mary-sanna"]
[Black "Lion-Al-Messi"]
[Result "0-1"]
[WhiteElo "2104"]
[BlackElo "2505"]
[TimeControl "180+1"]
[EndTime "10:06:52 PDT"]
[Termination "Lion-Al-Messi won by checkmate"]

1. d4 d5 2. Bf4 Nf6 3. e3 c5 4. c3 Nc6 5. Nf3 Qb6 6. Qb3 c4 7.
Qxb6 axb6 8. Na3 e5 9. Nb5 exf4 10. Nc7+ Kd8 11. Nxa8 fxe3 12. Nxb6 exf2+ 13. Kxf2 Ne4+ 14. Kg1 Be6 15. g3 Bd6 16. Rd1 Kc7 17. Na4 b6 18.
Nd2 f5 19. Nxe4 fxe4 20. b3 Ra8 21. h4 Bxg3 22. Bh3 Bf7 23. Kg2 Bxh4 24. Bf5 Bf6 25. Rxh7 b5 26. Nc5 Rxa2+ 27. Kg3 Rc2 28. bxc4 Rxc3+ 29. Kg2 bxc4 30. Rb1 Rc2+ 31. Kg3 Nxd4 32. Na6+ Kd6 33.
Rb6+ Ke5 34. Bg4 Ne2+ 35. Kf2 Nf4+ 36. Kf1 e3 37. Nc5 Rc1+ 38. Bd1 Rxd1# 0-1

[Event "*** Titled Tuesday Blitz"]
[Site "Chess.com"]
[Date "2021.04.06"]
[Round "1"]
[White "bilelou"]
[Black "VladimirBugayev"]
[Result "1/2-1/2"]
[WhiteElo "2555"]
[BlackElo "2257"]
[TimeControl "180+1"]
[EndTime "10:06:53 PDT"]
[Termination "Game drawn by repetition"]

1. e4 c6 2. d3 d5 3. Nf3 dxe4 4. dxe4 Qxd1+ 5. Kxd1 g6 6. c3 Bh6 7. Bxh6 Nxh6 8. h3 f6 9. Nbd2 Nf7 10. Kc2 e5 11.
a4 Be6 12. Bc4 Ke7 13. Bxe6 Kxe6 14. a5 a6 15. Nb3 Nd7 16. Rhd1 Rhd8 17. Rd2 Ke7 18.
Rad1 Rab8 19. Rd3 Nf8 20. Rxd8 Rxd8 21. Rxd8 Nxd8 22. Nc5 Nfe6 23. Nd3 Nf7 24. Nd2 Nd6 25. f3 Kd7 26. b4 Nb5 27. Nb3 Nd6 28. Ndc5+ Nxc5 29. Nxc5+ Ke7 30. Kd3 Kf7 31. g3 Ke7 32. f4 h6 33. Na4 g5 34. f5 h5 35. Nb6 Kf7 36. Nc4 Ke7 37. Nxd6 Kxd6 38. Kc4 Kd7 39. Kc5 Kc7 40.
c4 g4 41. h4 Kd7 42. Kb6 Kc8 43. b5 cxb5 44. cxb5 axb5 45. Kxb5 Kd7 46. Kc5 Kc7 47.
Kb5 Kd7 48. Kb6 Kc8 49. Ka7 Kc7 50. Ka8 Kc8 51. Ka7 Kc7 52. Ka8 Kc8 53. Ka7 1/2-1/2

[Event "*** Titled Tuesday Blitz"]
[Site "Chess.com"]
[Date "2021.04.06"]
[Round "1"]
[White "willc-h99"]
[Black "FMOlexandrProhorov"]
[Result "0-1"]
[WhiteElo "2507"]
[BlackElo "2178"]
[TimeControl "180+1"]
[EndTime "10:06:54 PDT"]
[Termination "FMOlexandrProhorov won on time"]

1. c4 Nf6 2. g3 g6 3. Bg2 Bg7 4. Nc3 O-O 5. e4 d6 6. Nge2 c5 7. d3 Nc6 8. O-O Ne8 9. Be3 Nc7 10. d4 cxd4 11. Nxd4 Ne6 12. Nde2 Bd7 13. b3 Qa5 14.
Rc1 Rac8 15. f4 Rfe8 16. Qd2 a6 17. Nd5 Qxd2 18. Bxd2 Ncd4 19. Nec3 b5 20. Nb6 Rc7 21. Nxd7 Rxd7 22. f5 Nc5 23. cxb5 axb5 24. Kh1 Ra7 25.
Be3 b4 26. Bxd4 bxc3 27. Bxg7 Kxg7 28. Rxc3 Rxa2 29. e5 gxf5 30. Rxf5 Ra1+ 31. Rf1 Rxf1+ 32. Bxf1 Ne4 33. Re3 d5 34. Bd3 f5 35. exf6+ exf6 36. Kg2 f5 37. h3 Kf6 38. g4 Rb8 39. Bxe4 fxe4 40. h4 Ke5 41. Rg3 d4 42. g5 d3 43.
Kf2 Rxb3 44. h5 Rb2+ 45. Ke1 Kf4 46. Rg1 e3 0-1

[Event "*** Titled Tuesday Blitz"]
[Site "Chess.com"]
[Date "2021.04.06"]
[Round "1"]
[White "Dinamo3"]
[Black "Sibelephant"]
[Result "0-1"]
[WhiteElo "2476"]
[BlackElo "3116"]
[TimeControl "180+1"]
[EndTime "10:06:55 PDT"]
[Termination "Sibelephant won by checkmate"]

1. e4 c5 2. Nf3 d6 3. d4 cxd4 4.
Nxd4 Nf6 5. Nc3 Bd7 6. Be2 Nc6 7. O-O g6 8. Be3 Bg7 9. Kh1 O-O 10. f4 Rc8 11.
Nb3 a6 12. Qd2 b5 13. Bf3 Bg4 14. Bxg4 Nxg4 15. Bg1 Na5 16. Nxa5 Qxa5 17. Bd4 Bxd4 18. Qxd4 Rc4 19. Qd3 Qb6 20. Qe2 Nf6 21. e5 dxe5 22. fxe5 Nh5 23. Rad1 Qe6 24. Nd5 Rc5 25. Qe4 f5 26. Qd4 Rxc2 27. Qb4 Rf7 28. Rfe1 f4 29. Qb3 Rc4 30. Qd3 f3 31. gxf3 Rh4 32. Rg1 Qh3 33. e6 Qxh2# 0-1

[Event "*** Titled Tuesday Blitz"]
[Site "Chess.com"]
[Date "2021.04.06"]
[Round "1"]
[White "ellennilssen"]
[Black "Cryptochess"]
[Result "0-1"]
[WhiteElo "2242"]
[BlackElo "2562"]
[TimeControl "180+1"]
[EndTime "10:06:56 PDT"]
[Termination "Cryptochess won by resignation"]

1. Nf3 Nf6 2. c4 e6 3. Nc3 d5 4. d4 Be7 5. cxd5 exd5 6. Bg5 O-O 7.
Qc2 Nbd7 8. e3 c6 9. Bd3 Re8 10.
h3 Ne4 11. Bxe7 Qxe7 12. Bxe4 dxe4 13. Nd2 f5 14. Qb3+ Kh8 15. d5 Nc5 16. Qc4 b5 17. Qe2 Nd3+ 18. Kf1 b4 19. Nd1 Ba6 20. Kg1 cxd5 21.
a3 Bb5 22. axb4 Qxb4 23. Nc3 Qxb2 24. Rb1 Qxc3 25. Rxb5 Nc1 26. Qe1 Qd3 27. Rb2 Ne2+ 28. Kh2 f4 29. Rb3 Qa6 30. exf4 Nxf4 31. Qa1 Qd6 32. g3 Nd3 33. Rf1 Rf8 34. Rb7 Rf6 35.
Qd4 Raf8 36. Rxa7 Nxf2 37. Rxf2 Rxf2+ 0-1

[Event "*** Titled Tuesday Blitz"]
[Site "Chess.com"]
[Date "2021.04.06"]
[Round "1"]
[White "annacramling"]
[Black "jonaszmb"]
[Result "0-1"]
[WhiteElo "2062"]
[BlackElo "2500"]
[TimeControl "180+1"]
[EndTime "10:06:56 PDT"]
[Termination "jonaszmb won by resignation"]

1. d4 d5 2. c4 Bf5 3. Nc3 e6 4.
cxd5 exd5 5. Qb3 Nc6 6. Qxd5 Nxd4 7. e4 Nc2+ 8. Kd1 Nxa1 9. exf5 Qxd5+ 10. Nxd5 O-O-O 11. Bc4 c6 12. Bg5 f6 13. Bd2 cxd5 14. Bd3 Bc5 15. Nh3 Nh6 16. Ke2 Rhe8+ 17. Kf3 Nf7 18. Bf4 Ne5+ 19. Bxe5 fxe5 20. Bb5 Nc2 21. Bxe8 Nd4+ 22.
Kg4 Rxe8 23. Rc1 b6 24. b4 Kd7 25. bxc5 Rc8 26. Re1 bxc5 27. Rxe5 Kd6 28. Re3 c4 29. Nf4 c3 30. Nd3 c2 31. Nc1 Rc4 32. Ra3 Nb5+ 0-1

[Event "*** Titled Tuesday Blitz"]
[Site "Chess.com"]
[Date "2021.04.06"]
[Round "1"]
[White "Onischuk_V"]
[Black "Caterpiller35"]
[Result "1-0"]
[WhiteElo "2872"]
[BlackElo "2446"]
[TimeControl "180+1"]
[EndTime "10:06:58 PDT"]
[Termination "Onischuk_V won on time"]

1. Nf3 Nf6 2. g3 e6 3. Bg2 d5 4. O-O Be7 5. d3 c5 6. Nbd2 Nc6 7. e4 O-O 8. Re1 b5 9. e5 Nd7 10. Nf1 Qc7 11. Bf4 Bb7 12. Ne3 Ncxe5 13. Nxe5 Nxe5 14. Ng4 f6 15. Nxe5 fxe5 16. Bxe5 Bd6 17. f4 Rae8 18. Qg4 a5 19. Re2 c4 20. Rae1 cxd3 21.
cxd3 Bc8 22. h4 b4 23. Kh2 a4 24. Bxd6 Qxd6 25. Re5 Rf6 26. Bxd5 Rg6 27. Qf3 Rf8 28.
Bc4 Qd4 29. R1e2 a3 30. bxa3 bxa3 31. f5 Rg4 32. fxe6 Rxh4+ 33. gxh4 Qxh4+ 34. Kg2 1-0

[Event "*** Titled Tuesday Blitz"]
[Site "Chess.com"]
[Date "2021.04.06"]
[Round "1"]
[White "MoreChessJulia"]
[Black "yobdc"]
[Result "0-1"]
[WhiteElo "2133"]
[BlackElo "2517"]
[TimeControl "180+1"]
[EndTime "10:06:58 PDT"]
[Termination "yobdc won by resignation"]

1. d4 d5 2. Bf4 c5 3. e3 Nc6 4. c3 Bf5 5. Bd3 Bxd3 6. Qxd3 e6 7. Nf3 Nf6 8. h3 Qb6 9. Qc2 Rc8 10. dxc5 Bxc5 11.
O-O O-O 12. Nbd2 Be7 13. Ne5 h6 14. Ndf3 Rfd8 15. a3 Na5 16. Rad1 Nc4 17. Nxc4 dxc4 18. e4 Bc5 19. e5 Nd5 20. Bc1 Qc6 21. Nd4 Bxd4 22.
Rxd4 Ne7 23. Rfd1 Rd5 24. Rxd5 Nxd5 25. Qe4 Kf8 26. Qh7 Ne7 27. Rd4 Nf5 28. Rg4 Rd8 29.
Kh2 Rd1 30. Bf4 Ke7 31. Qh8 Rd8 32. Qh7 Qb6 33. Rxg7 Nxg7 34. Qxg7 Qxf2 35. Bxh6 Re8 36. Bg5+ Kd7 37. Qf6 Qxf6 38. Bxf6 Rc8 39. h4 Ke8 40. h5 Kf8 41. h6 Kg8 42. Kh3 Kh7 43. Bg7 Kg6 44.
Kg4 Rd8 45. Kf4 Rd2 46. Ke4 Rxb2 47. Kd4 b5 48. Kc5 a5 49. Kb6 b4 50. axb4 axb4 51. cxb4 c3 52. b5 c2 0-1

[Event "*** Titled Tuesday Blitz"]
[Site "Chess.com"]
[Date "2021.04.06"]
[Round "1"]
[White "SirStrateg"]
[Black "Loy_Konstantin"]
[Result "1-0"]
[WhiteElo "2636"]
[BlackElo "2338"]
[TimeControl "180+1"]
[EndTime "10:06:59 PDT"]
[Termination "SirStrateg won on time"]

1. d4 Nf6 2. Nf3 g6 3. Bf4 Bg7 4. e3 O-O 5. Be2 b6 6. a4 a6 7. c4 a5 8. Nc3 Bb7 9. O-O d6 10. Qb1 Nbd7 11. h3 Re8 12. Rd1 Qc8 13. b4 e5 14. Bg5 exd4 15. exd4 axb4 16. Qxb4 Ne4 17. Nxe4 Bxe4 18. Be3 Bb7 19. Ra2 Ra5 20. d5 Nc5 21.
Nd4 Qa8 22. Nb5 Rxa4 23. Rxa4 Qxa4 24. Qxa4 Nxa4 25. Nxc7 Rc8 26. Nb5 Bf8 27. Ra1 Nb2 28. Ra7 Ba8 29. Nc7 Bxd5 30. cxd5 Bg7 31. Bxb6 Rb8 32.
Ra8 Rxa8 33. Nxa8 Na4 34. Be3 Be5 35. Nb6 Nc3 36. Bc4 f5 37. f4 Bf6 38. Nc8 Ne4 39. Bd3 Nc5 40. Bc2 Nb7 41. Ba4 Kf7 42. Bc6 Na5 43.
Nxd6+ Ke7 44. Nb7 Bc3 45. Nxa5 Bxa5 46. Bc5+ Kd8 47. Kf2 1-0

[Event "*** Titled Tuesday Blitz"]
[Site "Chess.com"]
[Date "2021.04.06"]
[Round "1"]
[White "Didici"]
[Black "KetiGrant"]
[Result "1-0"]
[WhiteElo "2661"]
[BlackElo "2347"]
[TimeControl "180+1"]
[EndTime "10:07:00 PDT"]
[Termination "Didici won on time"]

1. d4 Nf6 2. c4 g6 3. Nc3 Bg7 4. e4 d6 5. h3 O-O 6. Be3 e5 7. d5 a5 8. g4 Na6 9. Nge2 c6 10. Ng3 cxd5 11. cxd5 Nc5 12. f3 Ne8 13. h4 f5 14. gxf5 gxf5 15. exf5 Bxf5 16. Nxf5 Rxf5 17.
Bh3 Rf8 18. Qe2 Qxh4+ 19. Bf2 Qf4 20. Bg4 Nf6 21. Be3 Qg3+ 22. Bf2 Qf4 23. Be3 Qb4 24. Bf5 e4 25. O-O-O Nd3+ 26. Kb1 Rac8 27. fxe4 Rxc3 28.
Rxd3 Rxd3 29. Qxd3 Nxe4 30. Bxh7+ Kf7 31. Bc1 Nc3+ 32.
Ka1 1-0

[Event "*** Titled Tuesday Blitz"]
[Site "Chess.com"]
[Date "2021.04.06"]
[Round "1"]
[White "esrosenberg"]
[Black "Nozdrachev_Leonid"]
[Result "0-1"]
[WhiteElo "2218"]
[BlackElo "2544"]
[TimeControl "180+1"]
[EndTime "10:07:00 PDT"]
[Termination "Nozdrachev_Leonid won on time"]

1. Nf3 d6 2. d4 Nf6 3. c4 Bf5 4. Qb3 Qc8 5. g3 g6 6. Bg2 Bg7 7. h3 O-O 8. g4 Be4 9. Nbd2 Nc6 10. Nxe4 Nxe4 11. e3 e5 12. d5 Nc5 13. Qd1 Nb4 14.
O-O a5 15. Ne1 e4 16. a3 Nbd3 17. Nxd3 exd3 18. Rb1 a4 19. Bd2 f5 20. Bc3 Bxc3 21. bxc3 b6 22. Rb5 Qd7 23. Rxc5 bxc5 24. e4 f4 25. Qxd3 Qe7 26. Bf3 Rfb8 27. Bd1 Rb2 28. Re1 Qe5 29. Re2 Rb6 30. Kg2 Kg7 31. Qf3 Rb1 32. Rd2 Ra1 33. h4 Rxa3 34. Rd3 Ra2 35. h5 a3 36. h6+ Kxh6 37. Qh3+ Kg7 38. Rf3 Rd2 39. Bb3 Rb2 40. Bd1 a2 41. g5 a1=Q 42.
Qh6+ Kg8 43. Rh3 Qg7 0-1

[Event "*** Titled Tuesday Blitz"]
[Site "Chess.com"]
[Date "2021.04.06"]
[Round "1"]
[White "x-4605984566"]
[Black "Smirnov_Pavel"]
[Result "0-1"]
[WhiteElo "2451"]
[BlackElo "2882"]
[TimeControl "180+1"]
[EndTime "10:07:01 PDT"]
[Termination "Smirnov_Pavel won by resignation"]

1. Nf3 Nf6 2. g3 e6 3. Bg2 d5 4.
O-O Be7 5. d3 O-O 6. Nbd2 c5 7.
e4 Nc6 8. Re1 dxe4 9. dxe4 e5 10. Qe2 Qc7 11. c3 Rd8 12. Nh4 Be6 13. Nc4 h6 14.
Nf5 Bf8 15. Nce3 g6 16. Nd5 Nxd5 17. exd5 Bxf5 18. dxc6 bxc6 19. Qf3 e4 20. Qf4 Qxf4 21.
Bxf4 Re8 22. Rad1 g5 23. Bd6 Bg4 24. Bxf8 Bxd1 25. Bxh6 Bf3 26. Bxg5 Re6 27. h4 Rb8 28. Bh3 Ree8 29. Bd7 Rf8 30. Be7 Rxb2 31. Bxf8 Kxf8 32.
Bxc6 e3 33. Bxf3 exf2+ 0-1

[Event "*** Titled Tuesday Blitz"]
[Site "Chess.com"]
[Date "2021.04.06"]
[Round "1"]
[White "tandaleo"]
[Black "moro182"]
[Result "0-1"]
[WhiteElo "2401"]
[BlackElo "2728"]
[TimeControl "180+1"]
[EndTime "10:07:01 PDT"]
[Termination "moro182 won by resignation"]

1. Nf3 g6 2. g3 Bg7 3. Bg2 d6 4. O-O Bd7 5. d4 Qc8 6. Re1 Bh3 7. Bh1 Nc6 8. e4 h5 9. c3 h4 10. Nxh4 Nf6 11. Nd2 Qd7 12. Nc4 O-O-O 13. e5 dxe5 14. Nxe5 Nxe5 15. Rxe5 c6 16. Bg5 Rde8 17. Qa4 Nh7 18.
Bf4 Bxe5 19. Bxe5 f6 20. Nxg6 fxe5 21. Nxh8 Rxh8 22. Qxa7 Qc7 23. dxe5 Rd8 24. Qe3 Qd7 25. Re1 Qd2 26. Bg2 Bxg2 27. Kxg2 Qxb2 28. Rf1 Qxa2 29. Qh6 Qd5+ 30. f3 Qd2+ 31. Rf2 Qxh6 0-1

[Event "*** Titled Tuesday Blitz"]
[Site "Chess.com"]
[Date "2021.04.06"]
[Round "1"]
[White "LEGENYA1998"]
[Black "Malev212"]
[Result "0-1"]
[WhiteElo "2206"]
[BlackElo "2539"]
[TimeControl "180+1"]
[EndTime "10:07:01 PDT"]
[Termination "Malev212 won by resignation"]

1. e4 e5 2. Nf3 Nc6 3. Bc4 Nf6 4.
Ng5 d5 5. exd5 Na5 6. Bb5+ c6 7. dxc6 bxc6 8. Qf3 Be7 9. Bd3 O-O 10. O-O Bb7 11. Nc3 c5 12. Qf5 g6 13. Qh3 h5 14. Re1 Ng4 15. Nf3 c4 16. Be4 Bc5 17. Rf1 f5 18.
Bxb7 Nxb7 19. b3 e4 20. Ne1 Nd6 21. Bb2 f4 22. Na4 Bb4 23. f3 Qg5 24. fxg4 hxg4 25. Qh8+ Kf7 26. Qg7+ Ke6 27. a3 Bxd2 28. Rd1 Be3+ 29.
Kh1 Rh8 30. Rxd6+ Kxd6 31. Qf6+ Qxf6 32. Bxf6 Rh5 33. Nc3 Re8 34. g3 f3 35. Nd1 Bd2 36. Bd4 e3 37. Nxf3 gxf3 38. Rxf3 e2 39. Bf2 exd1=Q+ 0-1

[Event "*** Titled Tuesday Blitz"]
[Site "Chess.com"]
[Date "2021.04.06"]
[Round "1"]
[White "elextranjero00"]
[Black "ybruned"]
[Result "0-1"]
[WhiteElo "2594"]
[BlackElo "2333"]
[TimeControl "180+1"]
[EndTime "10:07:02 PDT"]
[Termination "ybruned won on time"]

1. d4 b6 2. e4 Bb7 3. Bd3 e6 4. Nf3 d5 5. Qe2 Nf6 6. e5 Nfd7 7. O-O c5 8. c4 dxc4 9. Bxc4 cxd4 10. Nxd4 Be7 11.
Nc3 O-O 12. Rd1 Qc8 13. Bf4 Nc6 14. Nxe6 Re8 15. Qg4 g6 16. Nc7 Ndxe5 17. Qxc8 Rexc8 18. Nxa8 Bxa8 19. Bd5 g5 20. Bg3 Kg7 21. Bxe5+ Nxe5 22. Bxa8 Rxa8 23. Rac1 a5 24. Nd5 Bc5 25. Kf1 Ng4 26. Rd2 Nxh2+ 27. Kg1 Ng4 28. Rc4 h5 29. Re2 Rd8 30. Rd2 Nxf2 0-1

[Event "*** Titled Tuesday Blitz"]
[Site "Chess.com"]
[Date "2021.04.06"]
[Round "1"]
[White "Klavdia_Nik"]
[Black "karinachess1"]
[Result "0-1"]
[WhiteElo "2030"]
[BlackElo "2492"]
[TimeControl "180+1"]
[EndTime "10:07:02 PDT"]
[Termination "karinachess1 won on time"]

1. Nf3 Nf6 2. c4 e6 3. b3 d5 4.
Bb2 c5 5. g3 Nc6 6. Bg2 d4 7.
d3 Bd6 8. O-O O-O 9. a3 a5 10.
Nbd2 e5 11. Ng5 Nd7 12. Nge4 Be7 13. Nf3 f5 14. Ned2 Nf6 15. Ne1 Bd6 16. Nc2 Qe7 17. b4 axb4 18. axb4 Rxa1 19. Qxa1 cxb4 20. Nb3 f4 21. gxf4 Ng4 22. h3 Nh6 23. fxe5 Qxe5 24. f4 Rxf4 25. Rxf4 Qxf4 26. Nbxd4 Qh2+ 27. Kf1 Bxh3 28. Bxh3 Qxh3+ 29. Ke1 Bf4 30. Nf3 Qh1+ 0-1

[Event "*** Titled Tuesday Blitz"]
[Site "Chess.com"]
[Date "2021.04.06"]
[Round "1"]
[White "DeTimmerman"]
[Black "Shuvalov"]
[Result "1-0"]
[WhiteElo "2833"]
[BlackElo "2435"]
[TimeControl "180+1"]
[EndTime "10:07:03 PDT"]
[Termination "DeTimmerman won by resignation"]

1. b4 d5 2. Bb2 Nf6 3. b5 c5 4.
a4 e6 5. e3 Bd6 6. c4 b6 7.
Nf3 Bb7 8. Be2 Nbd7 9. O-O O-O 10. cxd5 Nxd5 11. d4 Qe7 12. Nbd2 Rfd8 13. Nc4 Bc7 14. Qb3 cxd4 15. Bxd4 Nc5 16. Qb2 f6 17. Rfc1 Rac8 18. a5 Nd7 19. axb6 axb6 20. Ra7 Rb8 21. g3 e5 22. e4 exd4 23. exd5 Nc5 24. Nxd4 Rxd5 25. Ne3 Rdd8 26. Rxb7 Rxb7 27. Bc4+ Kh8 28. Nc6 Qe8 29. Nxd8 Qxd8 30. Rd1 Qe8 31. Qd2 Rb8 32. Re1 Rd8 33. Nd5 Qd7 34. Qe3 Rf8 35. Qe7 Qxe7 36. Rxe7 Bd8 37.
Ra7 h5 38. h4 g5 39. Be2 gxh4 40.
Nf4 Rg8 41. Bxh5 hxg3 42. Ng6+ Rxg6 43. Bxg6 gxf2+ 44. Kxf2 f5 45. Bxf5 Bh4+ 46. Kf3 Bf6 47. Ra8+ Kg7 48. Rb8 Na4 49. Bc2 Nc3 50. Rxb6 Bd4 51.
Rb7+ Kf6 52. Rd7 Nxb5 53. Ba4 Nc3 54. Rxd4 Nxa4 55. Rxa4 1-0

[Event "*** Titled Tuesday Blitz"]
[Site "Chess.com"]
[Date "2021.04.06"]
[Round "1"]
[White "1977Ivan"]
[Black "lolo9292"]
[Result "1-0"]
[WhiteElo "2753"]
[BlackElo "2409"]
[TimeControl "180+1"]
[EndTime "10:07:03 PDT"]
[Termination "1977Ivan won by resignation"]

1. Nf3 Nf6 2. c4 e6 3. g3 d5 4. Bg2 Be7 5. O-O O-O 6. d3 c5 7. Ne5 Nbd7 8. Nxd7 Bxd7 9. e4 dxe4 10. dxe4 Bc6 11. Qe2 Nd7 12. Nc3 Bf6 13. Bf4 Ne5 14. Rfd1 Qe7 15. Be3 Ng6 16. f4 Bd4 17. Bxd4 cxd4 18.
Rxd4 e5 19. fxe5 Nxe5 20. Rad1 Rad8 21. Nd5 Bxd5 22. exd5 Rfe8 23. d6 Qf6 24. Qf2 Qg6 25. Be4 Qh6 26. Qf4 Qh5 27. Rf1 f6 28. Bd5+ Kh8 29. c5 Ng6 30. Qf2 Ne5 31. h4 b6 32.
b4 bxc5 33. bxc5 Qh6 34. Rf4 Nd3 35. Qd4 Nxf4 36. Rxf4 Qg6 37. Kh2 Qc2+ 38. Kh3 Re2 39. Rxf6 Rh2+ 40. Kg4 Qe2+ 41. Bf3 Qe8 42. Rf5 Qg6+ 43.
Rg5 h5+ 44. Kf4 Rf8+ 45. Ke3 Qe6+ 46. Be4 Kg8 47. Qd5 Qxd5 48. Bxd5+ Kh7 49. d7 Rc2 50. Be4+ Kh6 51. Bxc2 Rf6 52. d8=Q 1-0

[Event "*** Titled Tuesday Blitz"]
[Site "Chess.com"]
[Date "2021.04.06"]
[Round "1"]
[White "kuba2006"]
[Black "Goryachkina"]
[Result "0-1"]
[WhiteElo "2341"]
[BlackElo "2637"]
[TimeControl "180+1"]
[EndTime "10:07:03 PDT"]
[Termination "Goryachkina won by resignation"]

1. e4 c5 2. Nf3 e6 3. d4 cxd4 4. Nxd4 a6 5. Bd3 Nc6 6. Nb3 Nf6 7. O-O Be7 8. Nc3 O-O 9. f4 d6 10. Kh1 Bd7 11. Bd2 Rc8 12. Qf3 b5 13. Rae1 Qc7 14.
Qg3 b4 15. Ne2 a5 16. Nbd4 d5 17. e5 Ne4 18. Qe3 Nxd4 19. Nxd4 Bc5 20. Bxe4 dxe4 21.
Qxe4 Bxd4 22. Qxd4 Rfd8 23. Be3 Bb5 24. Qb6 Bxf1 25.
Qxc7 Rxc7 26. Bb6 Bxg2+ 27. Kg1 Rxc2 28. Bxd8 Rxb2 29. Bxa5 Bd5 30. Rd1 Rg2+ 31. Kf1 Rxh2 32. Rd4 Rxa2 33. Rxb4 h5 34. Bd8 Kh7 35. Bg5 Kg6 36. Kg1 Kf5 37. Rb7 Bxb7 0-1

[Event "*** Titled Tuesday Blitz"]
[Site "Chess.com"]
[Date "2021.04.06"]
[Round "1"]
[White "serhanberat_ozdemir"]
[Black "hleol"]
[Result "1/2-1/2"]
[WhiteElo "2623"]
[BlackElo "2344"]
[TimeControl "180+1"]
[EndTime "10:07:03 PDT"]
[Termination "Game drawn by repetition"]

1. e4 c6 2. d4 d5 3. exd5 cxd5 4. c4 Nf6 5. Nc3 g6 6. Nf3 Bg7 7. cxd5 O-O 8. Bc4 Nbd7 9. O-O Nb6 10. Bb3 Nfxd5 11. Qe2 Bg4 12. h3 Bxf3 13. Qxf3 Nxc3 14.
bxc3 Rc8 15. Bd2 Qc7 16. Rab1 e6 17. Rfe1 Rfd8 18. Rbc1 a5 19. a4 Nd5 20. Bg5 Rd7 21.
c4 Nb4 22. d5 exd5 23. cxd5 Qb8 24. Rxc8+ Qxc8 25. Be7 Qc3 26. Re3 Qa1+ 27. Kh2 Be5+ 28.
g3 Rxe7 29. d6 Bxg3+ 30. Qxg3 Rxe3 31. Qxe3 Qf6 32. Qe7 Qxf2+ 33. Kh1 Qf1+ 34. Kh2 Qf2+ 35. Kh1 Qf1+ 36. Kh2 Qf2+ 1/2-1/2